 Dungeon Crawl Stone Soup version 0.17.0-23-g0de4337 (webtiles) character file.

781 urechis the Conjurer (level 7, -10/36 HPs)
             Began as a Gargoyle Wizard on Nov 13, 2015.
             Was an Initiate of Vehumet.
             Mangled by Duvessa
             ... wielding a +1 rapier of speed
              (11 damage)
             ... on level 4 of the Dungeon.
             The game lasted 00:13:41 (3916 turns).

urechis the Conjurer (Gargoyle Wizard)              Turns: 3916, Time: 00:13:41

Health: -10/36     AC:  9    Str: 10    XL:     7   Next: 85%
Magic:  3/16       EV: 11    Int: 21    God:    Vehumet [......]
Gold:   185        SH:  0    Dex:  8    Spells: 4 memorised, 9 levels left

rFire  . . .     SeeInvis .     A - +1 rapier (venom)
rCold  . . .     Clarity  .     s - +0 robe
rNeg   + . .     SustAt   .     (no shield)
rPois  ∞         Gourm    .     e - +0 hat
rElec  +         Spirit   .     t - +1 cloak
rCorr  .         Warding  .     x - +0 pair of gloves
rMut   .         Stasis   .     (no boots)
MR     .....                    (no amulet)
Stlth  ++........               (no ring)
                                (no ring)

@: very slightly contaminated, not resistant to hostile enchantments, unstealthy
A: negative energy resistance 1, electricity resistance, unbreathing,
petrification resistance, rot immunity, AC +4
a: Renounce Religion


You were on level 4 of the Dungeon.
You worshipped Vehumet.
Vehumet was noncommittal.
You were very hungry.

You visited 2 branches of the dungeon, and saw 5 of its levels.

You collected 185 gold pieces.

Inventory:

Hand Weapons
 a - a +2 quarterstaff of chaos
 b - a +0 blowgun
 A - a +1 rapier of venom (weapon)
 B - a +2 scythe of protection
Missiles
 v - 8 poisoned needles
Armour
 e - a +0 hat (worn)
 s - a +0 robe (worn)
 t - a +1 cloak (worn)
 x - a +0 pair of gloves (worn)
Scrolls
 i - 2 scrolls of amnesia {unknown}
 j - 3 scrolls of immolation {unknown}
 n - 2 scrolls of identify {unknown}
 p - a scroll of noise {unknown}
 q - a scroll of enchant armour {unknown}
 y - a scroll of remove curse {unknown}
 z - a scroll of enchant weapon {unknown}
 C - a scroll of teleportation {unknown}
Potions
 f - a potion of curing
 g - a potion of agility {unknown}
 h - 3 potions of degeneration {unknown}
 k - 2 potions of flight {unknown}
 m - 3 potions of brilliance {unknown}
 o - 2 potions of cancellation {unknown}
 w - a potion of heal wounds {unknown}
Books
 c - a book of Minor Magic

   Spells                             Type                      Level
   a - Magic Dart                     Conjuration                  1
   b - Blink                          Translocation                2
   c - Call Imp                       Summoning                    2
   d - Repel Missiles                 Charms/Air                   2
   e - Slow                           Hexes                        2
   f - Conjure Flame                  Conjuration/Fire             3
   g - Mephitic Cloud                 Conjuration/Poison/Air       3
Comestibles
 d - 4 bread rations
 l - 8 fruits
 r - 2 meat rations
 u - a royal jelly


   Skills:
 - Level 1.5 Dodging
 - Level 2.1 Stealth
 + Level 6.1 Spellcasting
 + Level 6.7 Conjurations
   Level 0.8 Summonings
 - Level 0.8 Translocations


You had 9 spell levels left.
You knew the following spells:

 Your Spells              Type           Power        Failure   Level  Hunger
a - Magic Dart            Conj           ####         1%          1    None
b - Blink                 Tloc           N/A          12%         2    None
c - Conjure Flame         Conj/Fire      ###.....     10%         3    ##.....
d - Mephitic Cloud        Conj/Pois/Air  ###.....     14%         3    ##.....


Dungeon Overview and Level Annotations

Branches:
Dungeon (4/15)             Temple (1/1) D:4

Altars:
Ashenzari
Dithmenos
Elyvilon
Fedhas
Gozag
Makhleb
Nemelex Xobeh
Okawaru
Qazlal
Ru
Sif Muna
Vehumet
Xom
Yredelemnul
Zin
The Shining One

Annotations:
D:4 Duvessa, Eustachio


Innate Abilities, Weirdness & Mutations

You are resistant to torment.
Your stone body is resilient (AC +4).
You are immune to poison.
You resist negative energy.
You are resistant to electric shocks.
You can survive without breathing.
You are immune to petrification.
You are immune to rotting.


Message History

Duvessa is heavily wounded.
Duvessa barely misses you. x2
Drink which item? (? for menu, Esc to quit)
You feel better.
Duvessa hits you with a rapier of speed!
* * * LOW HITPOINT WARNING * * *
Drink which item? (? for menu, Esc to quit)
You feel better.
Duvessa hits you with a rapier of speed.
* * * LOW HITPOINT WARNING * * *
Duvessa hits you but does no damage.
You hit Duvessa.
Duvessa is severely wounded.
Duvessa barely misses you. Duvessa hits you but does no damage.
You hit Duvessa.
Duvessa is severely wounded.
Duvessa hits you with a rapier of speed!
* * * LOW HITPOINT WARNING * * *
Duvessa hits you with a rapier of speed!
You die...

...........# ...........##
............# ............#
...§........# #######
.......)....## #......
.............# ##...###
.............##### ###....#
........)...>e@..#####......#
###..........##.............#
#####.......###..###.###..#
######### ##.# #.# #..#
#.###'###..# #.###_'....##
#.###'###...# #.# #.# #...#
#.###.###...#


You could see Duvessa (berserk).

Vanquished Creatures
  Grinder (D:4)
  Sigmund (D:4)
  An ogre (D:4)
  Dowan (D:4)
  Crazy Yiuf (D:2)
  An orc priest (D:4)
  3 orc wizards
  6 adders
  2 oozes (D:1)
  2 worms
  2 giant geckos
  10 orcs
  3 ball pythons
  4 giant cockroaches
  8 hobgoblins
  2 jackals (D:3)
  7 kobolds
  2 quokkas
  2 bats (D:1)
  3 giant newts
  5 goblins
  11 rats
78 creatures vanquished.

Vanquished Creatures (others)
  A fungus (D:4)
  15 toadstools (D:4)
16 creatures vanquished.

Grand Total: 94 creatures vanquished

Notes
Turn   | Place    | Note
--------------------------------------------------------------
     0 | D:1      | urechis the Gargoyle Wizard began the quest for the Orb.
     0 | D:1      | Reached XP level 1. HP: 10/10 MP: 4/4
   253 | D:1      | Reached XP level 2. HP: 15/15 MP: 1/6
   626 | D:2      | Reached XP level 3. HP: 19/19 MP: 4/8
  1264 | D:2      | Noticed Crazy Yiuf
  1273 | D:2      | Killed Crazy Yiuf
  1273 | D:2      | Reached XP level 4. HP: 18/24 MP: 3/9
  1343 | D:2      | Learned a level 2 spell: Blink
  1347 | D:2      | Learned a level 3 spell: Conjure Flame
  1351 | D:2      | Learned a level 3 spell: Mephitic Cloud
  1621 | D:2      | Found a sacrificial altar of Ru.
  1734 | D:3      | Reached skill level 4 in Spellcasting
  1904 | D:3      | Reached XP level 5. HP: 17/28 MP: 8/11
  2339 | D:3      | Found a shadowy altar of Dithmenos.
  2340 | D:3      | Found a burning altar of Makhleb.
  2586 | D:4      | Noticed Eustachio
  2767 | D:4      | Reached XP level 6. HP: 32/32 MP: 2/12
  2875 | D:4      | Found a staircase to the Ecumenical Temple.
  2880 | Temple   | Entered the Ecumenical Temple
  2948 | Temple   | Became a worshipper of Vehumet
  3149 | D:4      | Noticed Grinder
  3150 | D:4      | Paralysed by Grinder for 3 turns
  3160 | D:4      | Paralysed by Grinder for 2 turns
  3171 | D:4      | Killed Grinder
  3171 | D:4      | Reached skill level 5 in Spellcasting
  3171 | D:4      | Reached skill level 5 in Conjurations
  3171 | D:4      | Reached XP level 7. HP: 9/36 MP: 1/14
  3451 | D:4      | Reached skill level 6 in Conjurations
  3686 | D:4      | Noticed Sigmund
  3705 | D:4      | Killed Sigmund
  3743 | D:4      | Found a basalt altar of Yredelemnul.
  3773 | D:4      | Found a white marble altar of Elyvilon.
  3783 | D:4      | Noticed Dowan
  3813 | D:4      | Killed Dowan
  3898 | D:4      | Noticed Duvessa
  3916 | D:4      | HP: 1/36 [Duvessa/rapier of speed (12)]
  3916 | D:4      | Mangled by Duvessa

Action                   |  1- 3 |  4- 6 |  7- 9 || total
-------------------------+-------+-------+-------++-------
Melee: Short sword       |    20 |       |       ||    20
       Quarterstaff      |       |    70 |    22 ||    92
       Rapier            |       |       |    14 ||    14
 Cast: Magic Dart        |    75 |    63 |    30 ||   168
       Mephitic Cloud    |       |     3 |     8 ||    11
       Conjure Flame     |       |       |     1 ||     1
  Use: Potion            |       |     1 |     3 ||     4
  Eat: Chunk             |     1 |     6 |     2 ||     9
